 Dungeon Crawl Stone Soup version 0.23-a0-207-g93a313e (webtiles) character file.

80677 iamserjio the Brawler (level 15, -5/118 HPs)
             Began as a Black Draconian Wanderer on Sept 24, 2018.
             Was the Champion of Hepliaklqana.
             Slain by a hellwing (13 damage)
             ... summoned by an orc high priest
             ... on level 1 of the Orcish Mines.
             The game lasted 01:14:28 (34217 turns).

iamserjio the Brawler (Black Draconian Wanderer)   Turns: 34217, Time: 01:14:29

Health: -5/118     AC: 17    Str: 14    XL:     15   Next: 24%
Magic:  0/27       EV: 17    Int: 18    God:    Hepliaklqana [******]
Gold:   1338       SH:  0    Dex: 12    Spells: 7/30 levels left

rFire    x . .     SeeInvis .     - Unarmed
rCold    + . .     Gourm    .   (shield currently unavailable)
rNeg     . . .     Faith    .   (armour unavailable)
rPois    .         Spirit   +   (helmet restricted)
rElec    +         Reflect  .   A - +2 cloak
rCorr    .         Harm     .   (gloves currently unavailable)
MR       +....                  q - +1 pair of boots
Stlth    ++........             F - amulet of guardian spirit
HPRegen  0.29/turn              K - +3 ring of protection
MPRegen  0.20/turn              O - ring of ice

@: lethally poisoned (-5 -> -8), short of breath, blade hands
A: breathe lightning, unfitting armour, reduced essence, big wings, electricity
resistance, cold-blooded, AC +9
a: Breathe Lightning, Fly, End Transformation, Recall Ancestor, Ancestor
Identity, Transference, Idealise, Renounce Religion


You were on level 1 of the Orcish Mines.
You worshipped Hepliaklqana.
Hepliaklqana was exalted by your worship.
You were near starving.
You had blades for hands.
You visited 4 branches of the dungeon, and saw 23 of its levels.

You collected 1487 gold pieces.
You spent 149 gold pieces at shops.

Inventory:

Hand Weapons
 c - the +7 dagger of the End of Times {pierce, rC+ Str+2}
   (You found it on level 4 of the Dungeon)

   It inflicts extra damage upon your enemies.
   It affects your strength (+2).
   It protects you from cold.
 H - a +2 scimitar of flaming
Missiles
 f - 399 arrows
 h - 3 exploding tomahawks (quivered)
Armour
 q - a +1 pair of boots (worn)
 A - a +2 cloak (worn)
 C - a +1 pair of gloves of strength (melded)
Magical Staves
 I - an uncursed staff of energy
 V - an uncursed staff of wizardry
Jewellery
 D - an uncursed ring of positive energy
 F - an amulet of guardian spirit (around neck)
 K - a +3 ring of protection (left scythe-like blade)
 M - a +2 ring of evasion
 O - a ring of ice (right scythe-like blade)
 P - a +4 ring of slaying
Wands
 a - a wand of iceblast (2)
 e - a wand of acid (4)
 k - a wand of disintegration (6)
 y - a wand of enslavement (18)
 N - a wand of flame (9)
 T - a wand of paralysis (6)
Scrolls
 b - 14 scrolls of teleportation
 i - 4 scrolls of fear
 j - 5 scrolls of remove curse {@r2}
 p - 5 scrolls of amnesia
 r - 2 scrolls of immolation {unknown}
 s - 3 scrolls of noise {unknown}
 v - 6 scrolls of magic mapping
 B - a scroll of acquirement {unknown}
 E - 4 scrolls of blinking
 S - a scroll of vulnerability
 X - a scroll of fog {unknown}
Potions
 g - a potion of magic {unknown}
 l - 3 potions of agility
 m - 2 potions of ambrosia
 n - a potion of might {unknown}
 o - 3 potions of curing {@q1}
 t - 3 potions of heal wounds
 u - 4 potions of flight
 w - 2 potions of cancellation {unknown}
 x - 4 potions of brilliance {unknown}
 z - 3 potions of berserk rage
 J - a potion of degeneration {unknown}
 L - 3 potions of haste
 R - 2 potions of mutation {unknown}
 Y - a potion of invisibility {unknown}
Miscellaneous
 G - a box of beasts
 Q - a sack of spiders
Comestibles
 d - 29 rations


   Skills:
 - Level 12.0 Fighting
 - Level 2.0 Long Blades
 - Level 9.0 Dodging
 - Level 1.0 Stealth
 + Level 15.4 Unarmed Combat
 - Level 8.0 Spellcasting
 - Level 2.0 Translocations
 - Level 14.0 Transmutations
 - Level 5.0 Invocations
 - Level 2.0 Evocations


You had 7 spell levels left.
You knew the following spells:

 Your Spells              Type           Power        Failure   Level  Hunger
a - Sticks to Snakes      Tmut           ######..     5%          2    None
b - Blink                 Tloc           N/A          36%         2    None
c - Blade Hands           Tmut           ######....   14%         5    #####..
d - Ice Form              Ice/Tmut       #####...     34%         4    ###....
e - Spider Form           Tmut/Pois      ####......   19%         3    #......
f - Summon Butterflies    Summ           #.......     45%         1    None
g - Apportation           Tloc           ##....       30%         1    None
h - Yara's Violent Unrav  Hex/Tmut       ####......   56%         5    #####..

Your spell library contained the following spells:

 Spells                   Type           Power        Failure   Level  Hunger
 Beastly Appendage        Tmut           ######       4%          1    None
 Petrify                  Tmut/Erth      ####....     34%         4    ###....
 Confusing Touch          Hex            #.....       45%         1    None
 Magic Dart               Conj           #...         45%         1    None
 Gell's Gravitas          Tloc           ##........   52%         3    #......
 Lesser Beckoning         Tloc           ##........   52%         3    #......
 Call Imp                 Summ           #.......     54%         2    None
 Slow                     Hex            #.......     54%         2    None
 Alistair's Intoxication  Tmut/Pois      ####....     56%         5    #####..
 Confuse                  Hex            #.......     71%         3    #......
 Conjure Flame            Conj/Fire      #.......     71%         3    #......
 Mephitic Cloud           Conj/Pois/Air  #.......     71%         3    #......
 Tukima's Dance           Hex            #.......     71%         3    #......
 Bolt of Magma            Conj/Fire/Erth #.........   99%         5    #####..
 Iskenderun's Battlesphe  Conj/Chrm      #.......     99%         5    #####..
 Metabolic Englaciation   Hex/Ice        ##........   99%         5    #####..
 Venom Bolt               Conj/Pois      #.........   99%         5    #####..
 Invisibility             Hex            #.......     100%        6    ######.
 Iron Shot                Conj/Erth      #.........   100%        6    ######.
 Orb of Destruction       Conj           #.........   100%        7    #######
 Spellforged Servitor     Conj/Summ      #.........   100%        7    #######


Dungeon Overview and Level Annotations

Branches:
Dungeon (15/15)            Temple (1/1) D:5            Lair (6/6) D:8
  Swamp (0/4) Lair:3       Spider (0/4) Lair:2        Slime (0/5) Lair:5
    Orc (1/2) D:9          Vaults (0/5) D:13         Depths (0/5) D:15

Altars:
Ashenzari
Cheibriados
Dithmenos
Elyvilon
Fedhas
Gozag
Hepliaklqana
Kikubaaqudgha
Makhleb
Nemelex Xobeh
Okawaru
Qazlal
Ru
Sif Muna
Trog
Uskayaw
Vehumet
Wu Jian
Xom
Yredelemnul
Zin
The Shining One
Jiyva

Shops:
D:4 [   D:5 [   D:7 :   D:12 %   D:15 (

Portals:
Ice
Cave: Orc:1

Annotations:
D:10 exclusion: orange crystal statue


Innate Abilities, Weirdness & Mutations

You can breathe wild blasts of lightning.
Your glossy black scales are hard. (AC +9)
You cannot fit into any form of body armour.
Your large and strong wings let you fly indefinitely.
You are resistant to electric shocks. (rElec)
You are cold-blooded and may be slowed by cold attacks.
Your life essence is reduced to manifest your ancestor. (-10% HP)


Message History

You feel your power leaking away. The sun demon hits you!!
You are engulfed in flames!!
The fire burns you terribly!
You barely miss the orc high priest. You tail-slap the orc high priest.
Bolek barely misses the orc warrior.
Bolek hits the orc priest with a broad axe of flaming!
Bolek burns the orc priest.
The orc priest dies!
The neqoxec hits you but does no damage.
The hellwing hits you. x2
The white imp gestures at you. The puff of frost misses you.
The puff of frost hits the white imp.
The white imp resists.
The orc high priest closely misses you.
You barely miss the orc high priest.
You feel sick. The sun demon hits you!
* * * LOW HITPOINT WARNING * * *
You are engulfed in flames!!
The fire burns you terribly!
* * * LOW HITPOINT WARNING * * *
The orc warrior barely misses you. The neqoxec barely misses you.
Bolek closely misses the orc warrior.
The hellwing hits you!
You die...

.......#.........
.................
................#
...............## ..
#...............#..#
........R)...#.....#
.......)o..><.....#
......o35...........
.....o4@3...........
..........$.........
....................
...5..∩...........$.
..#.............#...
.................$.$
..................
...........$......


You could see the friendly Bolek the knight, an orc high priest, a sun demon, a
hellwing, a neqoxec, an orc warrior, 2 white imps and an orc.

Vanquished Creatures
  A dire elephant (D:15)
  Josephine (Lair:5)
  3 vault guards (D:13)
  8 hydras
  Fannar (Lair:1)
  A centaur warrior (D:12)
  Erica (D:8)
  3 catoblepae
  2 two-headed ogres
  A queen ant (Lair:2)
  A tengu warrior (D:15)
  3 death yaks (Lair:6)
  Sonja (Lair:4)
  6 skeletal warriors (D:13)
  An unseen horror (D:11)
  An orc knight (Orc:1)
  An ugly thing (D:11)
  A cyclops (D:13)
  An oklob plant (Lair:5)
  A salamander (D:15)
  The ghost of KristoblXynda the Spear-Bearer, a novice MfSk of Hepliaklqana (D:5)
  2 elephants
  2 manticores (Lair:6)
  6 black mambas
  A centaur zombie (D:13)
  A torpor snail (Lair:6)
  2 gargoyles
  17 spiny frogs
  12 komodo dragons
  2 kobold demonologists (D:11)
  An efreet (D:14)
  A polar bear (shapeshifter) (D:15)
  A merfolk (D:15)
  2 jumping spiders (Lair:2)
  2 trolls
  A hornet (D:13)
  A polar bear (Lair:6)
  A blink frog (Lair:6)
  9 slime creatures
  2 dream sheep (Lair:6)
  6 hippogriffs
  4 redbacks (Lair:2)
  A spriggan (D:7)
  3 wyverns
  A vampire (D:15)
  7 wraiths
  43 yaks
  2 hungry ghosts
  8 vampire mosquitoes
  A steam dragon (D:12)
  2 basilisks (Lair:2)
  4 swamp worms (Lair:1)
  7 soldier ants
  21 water moccasins
  9 porcupines
  2 ice beasts
  12 orc warriors
  5 sky beasts
  2 black bears
  An eye of draining (D:9)
  A necrophage (D:8)
  A phantom (D:8)
  11 ogres
  11 wolves
  11 centaurs
  7 crocodiles
  3 big kobolds
  17 bullfrogs
  4 scorpions
  15 wights
  7 killer bees
  A howler monkey (D:8)
  3 electric eels
  A bullfrog zombie (D:12)
  7 crimson imps
  2 jellies
  A quasit (D:7)
  10 orc wizards
  8 orc priests
  3 centaur skeletons
  6 hounds
  4 bullfrog skeletons
  Jessica (D:3)
  5 iguanas
  A knight (D:8)
  Natasha (thrice) (D:3)
  Terence (D:3)
  23 worker ants
  A hound zombie (D:9)
  2 worker ant zombies
  A howler monkey zombie (D:10)
  A howler monkey skeleton (D:11)
  4 ancestors
  10 adders
  5 shadow imps
  6 white imps (Orc:1)
  3 oozes
  An adder skeleton (D:5)
  2 worms (D:2)
  A dart slug (D:2)
  5 leopard geckos
  44 orcs
  4 giant cockroaches
  8 hobgoblins
  7 jackals
  13 kobolds
  3 quokkas
  11 bats
  4 frilled lizards
  2 goblins
  5 rats
  A plant (Lair:6)
559 creatures vanquished.

Vanquished Creatures (collateral kills)
  A vault guard (D:13)
  3 hydras
  A centaur warrior (D:14)
  A catoblepas (Lair:6)
  A two-headed ogre (D:15)
  2 unseen horrors
  3 oklob plants (Lair:5)
  A black mamba (Lair:2)
  An elephant (Lair:6)
  A gargoyle (D:13)
  An efreet (D:15)
  A komodo dragon (Lair:3)
  A tengu conjurer (D:15)
  A troll (D:9)
  A hornet (D:13)
  2 slime creatures
  2 hippogriffs
  A redback (Lair:2)
  2 yaks
  A basilisk (shapeshifter) (D:15)
  A hungry ghost (D:13)
  2 swamp worms (Lair:1)
  A soldier ant (Lair:2)
  2 water moccasins (Lair:6)
  2 porcupines (Lair:5)
  A black bear (Lair:5)
  An eye of draining (D:8)
  An ice beast (D:15)
  An orc warrior (D:7)
  2 centaurs
  An ogre (D:8)
  A sky beast (D:7)
  A wolf (Lair:2)
  4 crocodiles
  3 bullfrogs
  A scorpion (D:8)
  2 killer bees (D:8)
  3 wights
  An electric eel (Lair:3)
  A crimson imp (D:13)
  A bullfrog zombie (D:7)
  3 orc priests
  2 hounds
  3 jellies
  An iguana (D:8)
  3 worker ants (Lair:2)
  An adder (D:8)
  4 white imps (Orc:1)
  8 orcs
  A bat (D:8)
  A jackal (D:5)
  A kobold (D:11)
  A quokka (D:8)
  A frilled lizard (D:5)
  3 plants
94 creatures vanquished.

Vanquished Creatures (others)
  A spiny frog (Lair:5)
  A soldier ant (Lair:2)
  10 knights
  4 ancestors (D:6)
  69 fungi
  16 plants
101 creatures vanquished.

Grand Total: 754 creatures vanquished

Notes
Turn   | Place    | Note
-------+----------+-------------------------------------------
     0 | D:1      | iamserjio the Draconian Wanderer began the quest for the
                  | Orb.
     0 | D:1      | iamserjio set off with: a +2 falchion, a scroll of
                  | teleportation, a potion of lignification, a ration
     0 | D:1      | Reached XP level 1. HP: 22/22 MP: 2/2
    94 | D:1      | Reached skill level 1 in Unarmed Combat
   323 | D:1      | Reached XP level 2. HP: 26/28 MP: 3/3
   511 | D:1      | Reached skill level 2 in Unarmed Combat
  1040 | D:1      | Reached XP level 3. HP: 22/34 MP: 4/4
  1250 | D:2      | Reached skill level 3 in Unarmed Combat
  1639 | D:2      | Found a glowing golden altar of the Shining One.
  1728 | D:2      | Reached XP level 4. HP: 41/41 MP: 5/5
  1914 | D:3      | Reached skill level 4 in Unarmed Combat
  1984 | D:3      | Noticed Jessica
  1994 | D:3      | Killed Jessica
  2043 | D:3      | Noticed Terence
  2063 | D:3      | Killed Terence
  2063 | D:3      | Reached XP level 5. HP: 29/47 MP: 6/6
  2201 | D:3      | Noticed Natasha
  2210 | D:3      | Killed Natasha
  2210 | D:3      | Reached skill level 5 in Unarmed Combat
  2821 | D:3      | HP: 2/47 [poisoned by a kobold]
  3047 | D:3      | Noticed Natasha
  3061 | D:3      | Killed Natasha
  3458 | D:3      | Noticed Natasha
  3470 | D:3      | Killed Natasha
  3706 | D:4      | Got a polished dagger
  3715 | D:4      | Identified the +7 dagger of the End of Times {pierce, rC+
                  | Str+2} (You found it on level 4 of the Dungeon)
  3788 | D:4      | Found an iron altar of Okawaru.
  3801 | D:4      | Reached skill level 6 in Unarmed Combat
  3801 | D:4      | Reached XP level 6. HP: 50/53 MP: 7/7
  4668 | D:4      | Found Wifeh's Armour Shoppe.
  4671 | D:4      | Bought a +0 pair of gloves of strength for 149 gold pieces
  4715 | D:5      | Entered Level 5 of the Dungeon
  4746 | D:5      | Noticed a sky beast
  4759 | D:5      | Killed a sky beast
  5068 | D:5      | Reached skill level 7 in Unarmed Combat
  5068 | D:5      | Your scales start taking on a glossy black colour.
  5068 | D:5      | Reached XP level 7. HP: 60/60 MP: 8/8
  5068 | D:5      | Gained mutation: You are resistant to electric shocks.
                  | (rElec) [Black Draconian growth]
  5166 | D:5      | HP: 3/60 [orc priest/divine providence (13)]
  5612 | D:5      | Reached skill level 5 in Fighting
  5725 | D:5      | Found a staircase to the Ecumenical Temple.
  5805 | Temple   | Entered the Ecumenical Temple
  5915 | Temple   | Became a worshipper of Hepliaklqana the Forgotten
  6179 | D:5      | Found a transporter.
  6191 | D:5      | Noticed KristoblXynda's ghost (novice MfSk)
  6193 | D:5      | Found a transporter.
  6220 | D:5      | Found Mymeinla's Antique Armour Shop.
  6356 | D:5      | Found a blossoming altar of Fedhas.
  6442 | D:5      | Found a sparkling altar of Nemelex Xobeh.
  6594 | D:6      | Reached skill level 8 in Unarmed Combat
  6619 | D:6      | Reached XP level 8. HP: 60/62 MP: 9/9
  6623 | D:6      | Learned a level 2 spell: Sticks to Snakes
  6657 | D:6      | Reached skill level 1 in Spellcasting
  6705 | D:6      | Reached skill level 1 in Transmutations
  7330 | D:6      | Reached * piety under Hepliaklqana
  7559 | D:6      | Noticed a two-headed ogre
  7910 | D:6      | Reached skill level 9 in Unarmed Combat
  8092 | D:6      | Killed a two-headed ogre
  8092 | D:6      | Reached XP level 9. HP: 36/66 MP: 13/15
  8669 | D:7      | Reached skill level 5 in Dodging
  8710 | D:7      | Reached skill level 10 in Unarmed Combat
  8946 | D:7      | Found Aqiub's Book Emporium.
  8976 | D:7      | Reached ** piety under Hepliaklqana
  8977 | D:7      | Remembered your ancestor Bolek as a knight
  9145 | D:7      | Reached XP level 10. HP: 22/75 MP: 16/16
 10506 | D:8      | Reached skill level 5 in Transmutations
 10723 | D:8      | Reached skill level 11 in Unarmed Combat
 11140 | D:8      | Noticed Erica
 11408 | D:8      | Killed Erica
 11550 | D:8      | Found a staircase to the Lair.
 12004 | D:9      | Learned a level 2 spell: Blink
 12024 | D:9      | Noticed a gargoyle
 12029 | D:9      | Learned a level 5 spell: Blade Hands
 12035 | D:9      | Killed a gargoyle
 12035 | D:9      | Reached skill level 1 in Invocations
 12035 | D:9      | Reached XP level 11. HP: 29/85 MP: 11/17
 12263 | D:9      | Learned a level 4 spell: Ice Form
 12267 | D:9      | Learned a level 3 spell: Spider Form
 12746 | D:9      | Found a staircase to the Orcish Mines.
 12768 | D:9      | Reached *** piety under Hepliaklqana
 13338 | D:10     | Entered Level 10 of the Dungeon
 13435 | D:10     | Reached skill level 1 in Translocations
 13683 | D:10     | Noticed an orange crystal statue
 13687 | D:10     | Noticed a two-headed ogre
 13713 | D:10     | Reached skill level 5 in Spellcasting
 14286 | D:11     | Noticed a four-headed hydra
 14293 | D:11     | Killed a four-headed hydra
 14488 | D:11     | Killed an unseen horror
 14788 | D:11     | Killed an unseen horror
 14788 | D:11     | Reached skill level 10 in Fighting
 15108 | D:11     | Noticed a cyan ugly thing
 15335 | D:11     | Killed a cyan ugly thing
 15364 | D:11     | Reached XP level 12. HP: 46/96 MP: 15/21
 16322 | D:12     | Reached **** piety under Hepliaklqana
 16324 | D:12     | Found a sparkling altar of Nemelex Xobeh.
 16926 | D:12     | Found Ugefuc's Food Shop.
 17275 | D:5      | Killed KristoblXynda's ghost
 17391 | Lair:1   | Entered Level 1 of the Lair of Beasts
 17601 | Lair:1   | Reached skill level 5 in Invocations
 17683 | Lair:1   | Noticed Fannar
 17691 | Lair:1   | Killed Fannar
 19123 | Lair:2   | Noticed a seven-headed hydra
 19129 | Lair:2   | Killed a seven-headed hydra
 19505 | Lair:1   | Learned a level 1 spell: Summon Butterflies
 19507 | Lair:1   | Learned a level 1 spell: Apportation
 19532 | Lair:2   | Reached skill level 10 in Transmutations
 19608 | Lair:2   | Noticed a queen ant
 19644 | Lair:2   | Killed a queen ant
 19812 | Lair:2   | Reached ***** piety under Hepliaklqana
 19913 | Lair:2   | Reached XP level 13. HP: 76/106 MP: 19/24
 20318 | Lair:2   | Found a hole to the Spider Nest.
 21581 | Lair:3   | Found a staircase to the Swamp.
 23509 | Lair:4   | Noticed Sonja
 23529 | Lair:4   | Killed Sonja
 24851 | Lair:5   | Noticed Josephine
 24876 | Lair:5   | Reached skill level 12 in Unarmed Combat
 24891 | Lair:5   | Killed Josephine
 25381 | Lair:5   | Found a viscous altar of Jiyva.
 25381 | Lair:5   | Found a staircase to the Slime Pits.
 26599 | Lair:5   | Gained mutation: Your large and strong wings let you fly
                  | indefinitely. [Black Draconian growth]
 26599 | Lair:5   | Reached XP level 14. HP: 113/113 MP: 21/26
 26902 | Lair:6   | Entered Level 6 of the Lair of Beasts
 28954 | Lair:6   | Reached skill level 13 in Unarmed Combat
 29401 | Lair:6   | Learned a level 5 spell: Yara's Violent Unravelling
 30511 | D:13     | Paralysed by a hornet for 3 turns
 30908 | D:13     | Found a gate to the Vaults.
 30928 | D:13     | Paralysed by a hornet for 1 turns
 30936 | D:13     | Reached skill level 14 in Unarmed Combat
 31501 | D:13     | Found a sacrificial altar of Ru.
 31978 | D:14     | Reached XP level 15. HP: 81/118 MP: 27/27
 32607 | D:14     | Reached ****** piety under Hepliaklqana
 32779 | D:15     | Entered Level 15 of the Dungeon
 32983 | D:15     | Found Kyimyaru's Weapon Shop.
 33013 | D:15     | Found a staircase to the Depths.
 33329 | D:15     | Reached skill level 15 in Unarmed Combat
 34197 | Orc:1    | Entered Level 1 of the Orcish Mines
 34197 | Orc:1    | Found a frozen archway.
 34217 | Orc:1    | Slain by a hellwing

Vault maps used:
D:1:      saegor_arrival_simple_a, minivault_25
D:2:      cheibrodos_helix_gallery, tso_metal_star, minivault_26
D:3:      first_ration, uniq_jessica, uniq_terence, uniq_natasha
D:4:      serial_shops, kennysheep_mini, corexii_item_surrounded_by_moat,
          small_statue_alley_b, minivault_27, kennysheep_okawaru_gauntlet
D:5:      minmay_temple_entry_statues, basic_altar, gammafunk_ghost_smash,
          serial_shops, shop_statue, hangedman_decor_diamond_cutter,
          fedhas_altar_3
D:6:      minmay_stone_trees_small
D:7:      serial_shops, nicolae_shop_crystal, the_bakery,
          minmay_misc_feat_tower, minmay_holes, nzn_random_ring
D:8:      old_forge, due_lair_maze_entry_diamond, kennysheep_cluttered_room,
          uniq_erica
D:9:      orc_0_dummy, kennysheep_boxes
D:10:     nicolae_zen_rock_garden, minivault_16
D:12:     basic_altar, serial_shops, shop_statue
D:13:     lightli_vaults_fourway_checkpoint, nicolae_ru_the_path_less_chosen
D:15:     hangedman_depths_entry_try_elsewhere_first, serial_shops,
          nicolae_shop_crystal
Temple:   kilobyte_greek_temple
Lair:1:   worms_lemuel, uniq_fannar
Lair:2:   nicolae_spider_entry_tight_spaces, st_stairs_3,
          minmay_another_anthill, grunt_megastairs_3, serial_bayou_shore_b,
          infiniplex_staircase_pool
Lair:3:   swamp_mist, beast_lair_carwin_11, serial_bayou_shore_a,
          lemuel_fruit_fields
Lair:4:   nicolae_quartered_pool_little, lookout_lair_type, uniq_sonja
Lair:5:   dpeg_slime_entry_enclosed_altar, lemuel_fruit_fields,
          minmay_lair_oklob_chamber, uniq_josephine
Lair:6:   hangedman_lair_in_review
Orc:1:    portal_ice_cave_entry_imps, uniq_maurice

Skill      XL: |  1  2  3  4  5  6  7  8  9 10 11 12 13 14 15 |
---------------+----------------------------------------------+-----
Unarmed Combat | 1 2 3 4 6 7 8 9 10 11 12 14 15 | 15.4
Fighting       | 5 6 8 10 12 | 12.0
Dodging        | 2 4 5 6 7 9 |  9.0
Spellcasting   | 4 6 7 8 |  8.0
Transmutations | 3 4 6 8 10 12 14 | 14.0
Invocations    | 1 4 5 |  5.0
Translocations | 2 |  2.0
Long Blades    | |  2.0
Stealth        | |  1.0
Evocations     | |  2.0

Action                   |  1- 3 |  4- 6 |  7- 9 | 10-12 | 13-15 || total
-------------------------+-------+-------+-------+-------+-------++-------
Melee: Falchion          |   106 |    24 |       |       |       ||   130
       Tailslap          |    14 |    21 |    32 |    89 |   110 ||   266
       Punch             |     2 |     1 |     8 |    24 |    47 ||    82
       Unarmed           |       |    94 |   160 |   680 |   798 ||  1732
       Dagger            |       |    48 |    79 |       |       ||   127
       Scimitar          |       |       |       |       |     8 ||     8
Throw: Tomahawk          |       |     1 |     1 |       |       ||     2
 Cast: Blade Hands       |       |       |       |    40 |    52 ||    92
Invok: Ancestor Life: Kn |       |       |     1 |       |       ||     1
       Recall Ancestor   |       |       |       |     8 |     7 ||    15
       Idealise          |       |       |       |     1 |     6 ||     7
 Abil: Breathe Lightning |       |       |    15 |     4 |     4 ||    23
       End Transformatio |       |       |       |       |     1 ||     1
Evoke: Wand              |       |       |     1 |    20 |    37 ||    58
  Use: Potion            |       |     1 |     4 |       |     4 ||     9
       Scroll            |       |       |     8 |     7 |     7 ||    22
 Stab: Sleeping          |     1 |     2 |     3 |     3 |     2 ||    11
       Distracted        |       |       |     2 |     5 |     3 ||    10
       Petrified         |       |       |       |       |     1 ||     1
  Eat: Chunk             |     3 |     7 |     9 |    35 |    41 ||    95
       Ration            |       |     1 |     2 |     4 |     5 ||    12
Armor: Skin              |    40 |    31 |    72 |   263 |   228 ||   634
Dodge: Dodged            |    93 |    68 |   137 |   396 |   606 ||  1300
       Rpst.: Falchion   |    32 |     2 |       |       |       ||    34
       Scimitar          |       |       |       |       |     1 ||     1

Table legend:
 A = Non-vault XP
 B = Vault XP
 C = Vault XP percentage of total XP
 D = Non-vault monster count
 E = Vault monster count
 F = Vault count percentage of total count
                 A         B        C        D         E       F
            +---------+---------+-------+---------+---------+-------
      Total |   77519 |   37735 |  32.7 |     487 |     158 |  24.5
            +---------+---------+-------+---------+---------+-------
        D:1 |      42 |       0 |   0.0 |      20 |       0 |   0.0
        D:2 |      48 |      15 |  23.8 |      20 |       2 |   9.1
        D:3 |     138 |     104 |  43.0 |      25 |       3 |  10.7
        D:4 |     201 |       0 |   0.0 |       4 |       0 |   0.0
        D:5 |     800 |     734 |  47.8 |      21 |       3 |  12.5
        D:6 |    2379 |       0 |   0.0 |      32 |       0 |   0.0
        D:7 |    1458 |    1265 |  46.5 |      19 |      18 |  48.6
        D:8 |    1945 |    1996 |  50.6 |      35 |      16 |  31.4
        D:9 |    1521 |       0 |   0.0 |      18 |       0 |   0.0
       D:10 |    3184 |       0 |   0.0 |      31 |       0 |   0.0
       D:11 |    7553 |       0 |   0.0 |      34 |       0 |   0.0
       D:12 |    2501 |       0 |   0.0 |      12 |       0 |   0.0
       D:13 |   10982 |    4905 |  30.9 |      34 |      10 |  22.7
       D:14 |    4166 |       0 |   0.0 |      29 |       0 |   0.0
       D:15 |    6025 |    2095 |  25.8 |      18 |       3 |  14.3
     Lair:1 |    3108 |    1985 |  39.0 |      11 |       7 |  38.9
     Lair:2 |    5637 |    6099 |  52.0 |      21 |      46 |  68.7
     Lair:3 |    6501 |    1133 |  14.8 |      25 |       3 |  10.7
     Lair:4 |    4622 |     835 |  15.3 |      11 |       1 |   8.3
     Lair:5 |    4745 |    5744 |  54.8 |      25 |      15 |  37.5
     Lair:6 |    8880 |   10723 |  54.7 |      32 |      21 |  39.6
      Orc:1 |    1083 |     102 |   8.6 |      10 |      10 |  50.0
            +---------+---------+-------+---------+---------+-------
